AoeStats
← IdliDosa

Arena

509390035Analyzed
4v4 RM · 5d ago on Sep 26, 2026· 58m 28s· 8 players
Game mode
Random Map
Map size
Large (8 player)
Population
200
Speed
Normal
Resources
Standard
Victory
Conquest
Starting age
Dark Age
Ending age
Imperial Age
RankedLock teamsTeams togetherTeam positionsShared explorationLock speedFull tech treeHidden civsTurbo modeCheats
Victory
Defeat
🇨🇳 Varangians · China
1253
+14
🇮🇳 Danes · India
1216
+15
🇪🇸 Khmer · Spain
1212
+16
🇨🇱 Celts · Chile
1168
+18
🇨🇳 Ethiopians · China
1250
-17
🇲🇴 Dravidians · Macao SAR China
1234
-17
🇨🇳 Jurchens · China
1228
-17
🇨🇳 Britons · China
1103
-12
Leopard
10:31 Feudal Age
13:12 Castle Age
12:06 Double-Bit Axe
12:03 Horse Collar
14:17 Bow Saw
14:32 Heavy Plow
19:57 Wheelbarrow
19:51 Gold Mining
21:50 Gold Shaft Mining
22:43 Hand Cart
22:52 Loom
23:48 Stone Mining
26:57 Imperial Age
25:23 Scale Barding Armor
25:29 Husbandry
25:52 Forging
26:29 Bloodlines
26:57 Chain Barding Armor
27:14 Cavalier
28:31 Plate Barding Armor
28:02 Town Watch
29:33 Heavy Scorpion
31:00 Fletching
30:56 Capped Ram
32:42 Iron Casting
32:10 Double Crossbow
32:31 Conscription
32:42 Ballistics
32:00 Light Cavalry
34:45 Chemistry
34:14 Hussar
35:55 Blast Furnace
34:51 Bodkin Arrow
36:05 Siege Engineers
35:48 Siege Ram
39:13 Crop Rotation
40:37 Murder Holes
40:52 Masonry
41:06 Bracer
44:06 Architecture
43:47 Fortified Wall
IdliDosa
11:21 Feudal Age
12:42 Double-Bit Axe
15:33 Castle Age
15:04 Horse Collar
16:05 Loom
18:00 Bow Saw
17:51 Heavy Plow
21:09 Scale Mail Armor
22:39 Forging
23:33 Arson
24:06 Squires
24:22 Chain Mail Armor
24:43 Iron Casting
28:32 Wheelbarrow
33:22 Hand Cart
32:53 Town Watch
33:40 Hamask
35:46 Iron Casting
40:59 Imperial Age
38:12 Pikeman
41:08 Halberdier
42:20 Plate Mail Armor
42:51 Blast Furnace
41:17 Elite Jomsviking
42:18 Conscription
51:51 Hoardings
52:29 Elite Varangian Guard
58:07 Gambesons
57:44 Man-at-Arms
丧心病狂
7:15 Loom
10:39 Feudal Age
12:35 Double-Bit Axe
12:32 Horse Collar
15:12 Castle Age
17:07 Bow Saw
22:22 Heavy Plow
24:52 Wheelbarrow
27:08 Forging
27:03 Scale Barding Armor
30:51 Imperial Age
28:52 Husbandry
29:02 Bloodlines
29:31 Iron Casting
29:16 Chain Barding Armor
30:36 Hand Cart
30:43 Gold Mining
30:45 Stone Mining
32:29 Stone Shaft Mining
31:24 Cavalier
32:02 Town Watch
33:18 Blast Furnace
32:53 Plate Barding Armor
33:09 Plate Barding Armor
33:58 Conscription
33:12 Vendel Legacy
42:00 Scale Mail Armor
41:49 Elite Varangian Guard
42:15 Arson
42:30 Squires
42:16 Gambesons
43:01 Chain Mail Armor
42:47 Gothikon
45:30 Plate Mail Armor
Camilo M87
10:00 Feudal Age
14:30 Castle Age
13:32 Horse Collar
16:03 Man-at-Arms
18:09 Long Swordsman
31:05 Forging
30:51 Double-Bit Axe
31:57 Gold Mining
32:04 Stone Mining
34:16 Wheelbarrow
36:33 Husbandry
36:42 Scale Barding Armor
37:13 Iron Casting
37:25 Town Watch
37:25 Loom
37:08 Pikeman
38:47 Hand Cart
39:38 Stronghold
44:33 Imperial Age
43:08 Scale Mail Armor
43:38 Fortified Wall
46:16 Halberdier
46:21 Two-Handed Swordsman
46:45 Elite Woad Raider
46:51 Onager
48:34 Chemistry
47:54 Ballistics
48:13 Champion
49:22 Chain Mail Armor
49:59 Capped Ram
54:07 Plate Mail Armor
54:38 Blast Furnace
53:01 Cavalier
54:06 Heavy Scorpion
55:46 Furor Celtica
56:54 Caravan
长崎舞喜姬
9:46 Feudal Age
13:28 Castle Age
12:07 Double-Bit Axe
14:38 Horse Collar
20:17 Bow Saw
22:57 Stone Mining
23:25 Gold Mining
27:20 Wheelbarrow
28:00 Fletching
28:57 Heavy Plow
29:14 Hand Cart
32:53 Imperial Age
31:40 Pikeman
32:06 Gambesons
32:22 Squires
32:07 Arson
32:25 Scale Mail Armor
32:36 Forging
33:02 Husbandry
33:59 Conscription
34:02 Wootz Steel
33:05 Halberdier
34:02 Chain Mail Armor
35:18 Two-Man Saw
35:27 Iron Casting
35:22 Plate Mail Armor
39:39 Blast Furnace
45:37 Chemistry
44:58 Ballistics
45:46 Man-at-Arms
46:23 Bodkin Arrow
46:28 Padded Archer Armor
46:23 Long Swordsman
47:00 Two-Handed Swordsman
47:46 Light Cavalry
47:52 Champion
50:14 Bracer
50:30 Leather Archer Armor
51:48 Champion
何金银
10:01 Feudal Age
13:45 Castle Age
12:11 Double-Bit Axe
12:09 Horse Collar
16:02 Gold Mining
24:53 Scale Mail Armor
25:27 Forging
29:11 Wheelbarrow
36:48 Imperial Age
34:51 Chain Mail Armor
35:12 Iron Casting
40:51 Blast Furnace
40:21 Plate Mail Armor
40:37 Gold Shaft Mining
40:25 Hand Cart
41:15 Bow Saw
43:21 Halberdier
44:02 Squires
43:48 Arson
44:10 Crossbowman
44:56 Thumb Ring
45:23 Arbalester
46:37 Fletching
46:48 Padded Archer Armor
47:55 Bodkin Arrow
48:15 Leather Archer Armor
49:26 Bracer
49:41 Leather Archer Armor
52:11 Two-Man Saw
51:13 Heavy Plow
52:49 Ring Archer Armor
53:20 Plate Mail Armor
54:06 Chemistry
53:26 Ballistics
55:05 Murder Holes
56:31 Loom
我要干饭啦
10:10 Feudal Age
11:23 Double-Bit Axe
13:50 Castle Age
12:03 Horse Collar
15:20 Bow Saw
15:30 Heavy Plow
23:56 Wheelbarrow
23:51 Stone Mining
23:55 Gold Mining
25:36 Hand Cart
25:53 Loom
29:53 Imperial Age
28:13 Scale Barding Armor
28:18 Forging
30:14 Gold Shaft Mining
30:14 Stone Shaft Mining
31:02 Town Watch
31:27 Scale Barding Armor
31:33 Forging
30:46 Elite Iron Pagoda
31:46 Conscription
31:39 Husbandry
31:51 Bloodlines
32:58 Crop Rotation
33:29 Two-Man Saw
33:46 Chain Barding Armor
34:02 Iron Casting
35:13 Plate Barding Armor
37:41 Blast Furnace
39:10 Capped Ram
40:06 Siege Ram
43:03 Guilds
45:46 Caravan
无理我
10:51 Feudal Age
12:35 Loom
16:01 Castle Age
51:55 Imperial Age
50:01 Elite Skirmisher
54:24 Fletching
54:34 Padded Archer Armor
56:02 Wheelbarrow
Connection lost

Rejoining the realm…

Still unreachable

The connection could not be restored.

Session expired

The server has moved on; the page needs a fresh start.